 Dungeon Crawl Stone Soup version 0.29.1-15-g9cfb28693d (webtiles) character file.

Game seed: 12581856120381834122

84 101zpm the Magician (level 4, -12/31 HPs)
             Began as a Djinni Fire Elementalist on Mar 17, 2023.
             Killed from afar by Grinder (14 damage)
             ... with a bolt of light
             ... on level 3 of the Dungeon.
             The game lasted 00:05:13 (3010 turns).

101zpm the Magician (Djinni Fire Elementalist)      Turns: 3010, Time: 00:05:13

Health: -12/31     AC:  6    Str:  7    XL:     4   Next: 72%
Gold:   123        EV: 11    Int: 19    God:
                   SH:  0    Dex: 13

rFire   + + .      SeeInvis .   (no weapon)
rCold   x . .      Faith    .   (no shield)
rNeg    . . .      Spirit   .   c - +3 leather armour
rPois   ∞          Reflect  .   (no helmet)
rElec   .          Harm     .   (no cloak)
rCorr   .          Rampage  .   (no gloves)
Will    .....                   (boots unavailable)
Stlth   ++........              (no amulet)
HPRegen 0.10/turn               (no ring)
MPRegen 0.00/turn               (no ring)

@: flying
A: sickness immunity, fire resistance 2, cold vulnerability 1, float, innate
caster, HP casting, extra vitality 1
a: no special abilities


You were on level 3 of the Dungeon.
You visited 1 branch of the dungeon, and saw 4 of its levels.

You collected 123 gold pieces.

Inventory:

Missiles
 d - 2 boomerangs
 n - 3 silver javelins
Armour
 a - a +0 robe
 c - a +3 leather armour (worn)
Scrolls
 e - 2 scrolls of noise
 f - 2 scrolls of blinking {unknown}
 g - a scroll of silence {unknown}
 i - 3 scrolls of teleportation {unknown}
 k - a scroll of poison {unknown}
 o - a scroll of magic mapping {unknown}
 p - a scroll of summoning {unknown}
 q - a scroll of amnesia {unknown}
Potions
 h - 2 potions of flight {unknown}
 j - a potion of cancellation {unknown}
 l - 2 potions of curing {unknown}
 m - 2 potions of ambrosia {unknown}


   Skills:
 + Level 0.2 Fighting
 + Level 1.3 Armour
 + Level 2.3 Dodging
 + Level 1.7 Stealth
 + Level 3.6 Spellcasting


You couldn't memorise any spells.
You knew the following spells:

 Your Spells              Type           Power      Damage    Failure   Level
a - Foxfire               Conj/Fire      68%        2x1d7     4%          1
b - Scorch                Fire           34%        2d6       7%          2
c - Conjure Flame         Conj/Fire      17%        6-21      14%         3
d - Inner Flame           Hex/Fire       17%        N/A       14%         3
e - Flame Wave            Conj/Fire      17%        2d7       43%         4
f - Sandblast             Erth           34%        2d9       4%          1
Your spell library was empty.

Dungeon Overview and Level Annotations

Branches:
Dungeon (4/15)
 Temple: D:4-7

Altars:

Annotations:
D:3 Grinder, Terence
D:4 Duvessa


Innate Abilities, Weirdness & Mutations

You are immune to sickness and miasma.
You are immune to poison.
Your flesh is very heat resistant. (rF++)
You are vulnerable to cold. (rC-)
You float through the air rather than walking.
You learn spells naturally, not from books.
Your magical power is your life essence.
You have superior vitality. (+4 MHP)


Message History

Press: ? - help, Dir - move target, f - Grinder
Aim: Grinder, carrying a wand of light (9) (wandering, hasn't noticed you, chance to affect: 71%) Grinder struggles to resist.
Casting: Inner Flame (quite dangerous; 14% risk of failure)
Confirm with . or Enter, or press ? or * to list all spells.
The spell is quite dangerous to miscast (14% risk of failure)!
Continue anyway?
Aiming: Inner Flame (quite dangerous; 14% risk of failure)
Press: ? - help, Dir - move target, f/p - Grinder
Aim: Grinder, carrying a wand of light (9) (chance to affect: 71%) Grinder struggles to resist.
Casting: Inner Flame (quite dangerous; 14% risk of failure)
Confirm with . or Enter, or press ? or * to list all spells.
Flames lash Grinder.
Grinder is moderately wounded.
Grinder's fire resistance burns away.
Grinder zaps a wand.
The bolt of light hits you!!
Ouch! That really hurt!
* * * LOW HITPOINT WARNING * * *
Casting: Scorch (safe; 7% risk of failure)
Confirm with . or Enter, or press ? or * to list all spells.
You don't have enough health to cast this spell.
Casting: Foxfire (safe; 4% risk of failure)
Press: ? - help, Q - select action, (/) - cycle Dir - look around, f - activate You conjure some foxfire!
* * * LOW HITPOINT WARNING * * *
The foxfire hits Grinder.
Grinder is burned terribly!
Grinder is moderately wounded.
The foxfire hits Grinder.
Grinder is heavily wounded.
Grinder gestures at you. You resist with significant effort.
Unknown command.
As you read the scroll labelled SUUKIKH AM TEF, it crumbles to dust.
It is a scroll of identify.
e - 2 scrolls of noise Grinder is no longer more vulnerable to fire.
Grinder says, "Tell me all your secrets, or I'll kill you."
Grinder zaps a wand.
The bolt of light misses you.
Grinder zaps a wand.
The bolt of light hits you!
You die...

#....#§###..###.......#
#.##.#.# #.#.#.######.#
..##.##.#.# #.....†###
..........# #........#
##.#.##5### #......#.#
#... #.# #.#...##.#
##..##5#####.##.## #
..............##.#
###........@.....#
#.###..........# #
##########.# #..# #.#
#..# #.# #..# #.# #†.#
#.# #..# #.# #..#
.######.####..#


You could see Grinder.

Vanquished Creatures
  Dowan (D:4)
  4 bats
  6 endoplasms
  2 goblins (D:1)
  2 hobgoblins
  2 jackals (D:4)
  5 kobolds
  4 quokkas
  A ball python (D:3)
  3 frilled lizards
  A rat (D:2)
31 creatures vanquished.

Vanquished Creatures (others)
  119 foxfires
119 creatures vanquished.

Grand Total: 150 creatures vanquished

Notes
Turn   | Place    | Note
-------+----------+-------------------------------------------
     0 | D:1      | 101zpm the Djinni Fire Elementalist began the quest for the
                  | Orb.
     0 | D:1      | 101zpm set off with the following spells memorised:
                  | Foxfire, Scorch, Conjure Flame, Inner Flame, Flame Wave.
     0 | D:1      | Reached XP level 1. HP: 15/15 MP: 0/0
   501 | D:3      | Noticed Terence
   556 | D:2      | Reached XP level 2. HP: 19/21 MP: 0/0
  1723 | D:1      | Reached skill level 3 in Spellcasting
  1723 | D:1      | Reached XP level 3. HP: 16/25 MP: 0/0
  1723 | D:1      | Learned a level 1 spell: Sandblast
  2846 | D:4      | Noticed Dowan
  2850 | D:4      | Noticed Duvessa
  2854 | D:4      | Killed Dowan
  2855 | D:4      | Reached skill level 1 in Armour
  2855 | D:4      | Reached XP level 4. HP: 15/31 MP: 0/0
  2993 | D:3      | Noticed Grinder
  3010 | D:3      | Killed from afar by Grinder

Illustrated notes

Levels and vault maps discovered:
D:1:      enne_arrival_octagon_isle, layout_loops_corners
D:2:      layout_loops_ring
D:3:      layout_loops_ring, grunt_temple_overflow_gold_and_silver,
          serial_shops, nicolae_shop_waterfront, uniq_terence, uniq_grinder
D:4:      layout_basic, mainiacjoe_overflow_paths, minmay_temple_entry_grid,
          lightli_ossuary_entry_decrepit_ruins, kennysheep_generic_room_8,
          uniq_duvessa, uniq_sigmund

Skill      XL: |  1  2  3 |
---------------+----------+-----
Spellcasting   | 3 |  3.6
Armour         | 1 |  1.3
Fighting       | |  0.2
Dodging        | |  2.3
Stealth        | |  1.7

Action                   |  1- 3 |  4- 6 || total
-------------------------+-------+-------++-------
 Cast: Foxfire           |    84 |     1 ||    85
       Scorch            |    12 |     1 ||    13
       Inner Flame       |       |     2 ||     2
  Use: Scroll            |       |     1 ||     1
Armor: Leather armour    |     2 |     1 ||     3
Dodge: Dodged            |     7 |     1 ||     8
